Map: 16-Bit LE

Players

soul - Winner!

  • Race: Terran Terran
  • Spawn Location: 7:00

TheoRy

  • Race: Protoss Protoss
  • Spawn Location: 1:00

Event: WCS Austin 2018

VOD

Have the link to the VOD?

Description

Time

  • Played on: June 1, 2018, 1:23 p.m.
  • Length: 15:56

All games in this series

Show
View Real Time Build Order
Export as new Build Order

soul Terran - Winner!

Build Orders: Reaper Expand, MMM Bio 

Get SALT Encoding   

  12  0:01  SCV  
  13  0:13  SCV  
  14  0:18  Supply Depot  
  14  0:25  SCV  
  15  0:36  Refinery  
  15  0:40  SCV  
  16  0:46  Barracks  
  16  0:54  SCV  
  17  1:06  SCV  
  18  1:19  SCV  
  19  1:35  Orbital Command, Reaper  
  20  1:49  Command Center  
  20  2:00  Factory  
  20  2:03  SCV  
  21  2:11  Supply Depot  
  21  2:15  Barracks Reactor  
  21  2:16  SCV  
  21  2:21  Refinery  
  22  2:28  SCV  
  23  2:40  SCV  
  24  2:51  Starport  
  24  2:55  SCV  
  25  2:59  Hellion x2  
  25  3:02  Orbital Command  
  29  3:07  SCV  
  30  3:19  SCV  
  31  3:25  Marine x2  
  33  3:29  Widow Mine, Viking  
  33  3:30  SCV  
  33  3:31  SCV  
  39  3:37  Supply Depot  
  39  3:42  SCV  
  39  3:43  SCV  
  41  3:51  Marine  
  41  3:54  SCV  
  43  3:55  SCV  
  43  3:59  Supply Depot, Factory Tech Lab  
  39  4:06  SCV, Barracks  
  39  4:07  SCV  
  41  4:14  Barracks  
  42  4:18  SCV  
  42  4:19  SCV  
  43  4:25  Engineering Bay  
  43  4:26  Stimpack, Refinery, Marine  
  43  4:27  Factory Tech Lab  
  43  4:28  Starport Reactor  
  43  4:31  SCV  
  45  4:32  SCV  
  46  4:40  Supply Depot  
  46  4:43  SCV, Marine  
  46  4:44  SCV  
  49  4:52  Factory Reactor, Terran Infantry Weapons Level 1  
  49  4:55  SCV  
  49  4:56  SCV  
  49  4:57  Refinery  
  51  5:02  Marauder, Marine x2  
  51  5:06  Supply Depot  
  55  5:07  SCV, Medivac x2  
  55  5:08  SCV  
  55  5:12  Supply Depot  
  55  5:14  Combat Shield  
  61  5:16  Marauder  
  61  5:19  SCV  
  61  5:20  Marine x2  
  66  5:23  Missile Turret  
  66  5:25  SCV  
  67  5:29  Marauder  
  67  5:31  SCV  
  67  5:32  Supply Depot  
  70  5:37  SCV, Marine  
  70  5:38  Marine  
  70  5:40  Medivac  
  70  5:41  Medivac  
  77  5:44  Widow Mine  
  77  5:45  Widow Mine  
  81  5:54  Marauder x2, SCV  
  81  5:55  Marine  
  87  6:01  Marine  
  88  6:10  SCV x2  
  93  6:19  Command Center  
  94  6:27  Supply Depot  
  94  6:28  Supply Depot, Concussive Shells  
  94  6:29  SCV x2  
  94  6:32  Supply Depot  
  92  6:33  Barracks  
  92  6:34  Barracks  
  92  6:41  SCV x2  
  92  6:47  Terran Infantry Armor Level 1  
  94  6:49  Marauder, Marine x2  
  94  6:52  Medivac x2  
  94  6:53  SCV x2  
  104  7:02  Supply Depot x2  
  104  7:06  Marine  
  61  7:08  Liberator  
  103  7:14  Marauder, SCV, Marine  
  105  7:18  Widow Mine x2, Marine  
  105  7:22  SCV  
  109  7:24  Marauder, Barracks Tech Lab, Barracks Reactor  
  109  7:27  SCV  
  109  7:29  Liberator  
  112  7:32  Orbital Command  
  112  7:34  SCV  
  112  7:35  Marine  
  112  7:36  Marauder, Marine  
  111  7:45  Supply Depot  
  111  7:46  Marauder, Supply Depot  
  111  7:48  Widow Mine x2  
  111  7:50  Marine  
  121  7:58  Marauder, Marine  
  124  7:59  Armory  
  124  8:01  Engineering Bay  
  124  8:04  Liberator, Marine  
  124  8:05  Marine  
  126  8:07  Marauder  
  126  8:08  Marauder  
  126  8:09  Widow Mine  
  124  8:12  Marine  
  124  8:14  Widow Mine  
  124  8:19  Marine  
  129  8:20  Marauder  
  129  8:22  Marine  
  129  8:26  Marine  
  132  8:28  Marauder  
  132  8:29  Marine  
  132  8:31  Widow Mine  
  133  8:34  Marine  
  133  8:36  Widow Mine  
  133  8:40  Marine  
  133  8:41  Marauder, Fusion Core  
  129  8:42  Starport, Supply Depot, Medivac  
  129  8:43  Supply Depot  
  129  8:45  Marine  
  134  8:49  Refinery  
  134  8:50  Refinery  
  134  8:52  Widow Mine  
  134  8:54  Terran Infantry Weapons Level 2  
  134  8:57  SCV  
  134  9:00  SCV x2, Command Center  
  134  9:02  Marine  
  138  9:04  Marauder, Marine  
  138  9:09  SCV  
  142  9:12  SCV x2  
  142  9:13  Terran Infantry Armor Level 2  
  142  9:16  Terran Ship Weapons Level 1  
  144  9:19  Marine  
  144  9:20  Marauder  
  144  9:21  SCV  
  149  9:24  SCV x2  
  149  9:25  Liberator  
  149  9:27  Starport Tech Lab  
  149  9:29  Marine  
  151  9:34  Supply Depot x2  
  151  9:35  Marine  
  152  9:43  Marauder x2, Marine  
  159  9:45  Advanced Ballistics  
  159  9:48  SCV x2  
  159  9:50  Refinery  
  159  9:51  Refinery  
  159  9:52  Marine  
  163  9:53  Marauder  
  163  9:54  SCV, Marine  
  163  9:58  Marine  
  167  10:04  Liberator x2  
  167  10:05  Marauder x2  
  171  10:08  Liberator  
  171  10:09  Marine  
  171  10:11  Marine  
  171  10:12  Marine  
  167  10:14  Marauder  
  161  10:26  Marauder  
  161  10:27  Marine  
  161  10:28  Marauder  
  163  10:32  Marine  
  163  10:35  Marauder, Planetary Fortress  
  145  10:37  Marine  
  146  10:45  Barracks x2  
  146  10:47  Marauder, Sensor Tower  
  146  10:48  Barracks  
  148  10:50  Ghost Academy  
  148  10:59  Marauder  
  148  11:00  Missile Turret  
  148  11:04  Medivac x2  
  152  11:08  Medivac  
  154  11:21  Marine  
  154  11:22  Marauder x2  
  154  11:24  Liberator x3  
  159  11:28  Marauder  
  161  11:33  Marine  
  161  11:38  Marine  
  172  11:43  Marauder x2  
  172  11:45  Terran Infantry Weapons Level 3  
  172  11:46  Terran Infantry Armor Level 3  
  176  11:59  Barracks Tech Lab x3, Ghost  
  178  12:07  Liberator x3, Command Center  
  177  12:22  Command Center  
  178  12:36  Starport  
  170  12:46  Ghost  
  170  12:49  Terran Ship Weapons Level 2  
  170  12:50  Liberator x3  
  172  12:59  Marauder, Marine  
  172  13:00  Marauder  
  172  13:01  Liberator  
  186  13:19  Refinery  
  181  13:22  Refinery  
  181  13:26  Ghost  
  183  13:37  Marine  
  183  13:38  Marauder  
  183  13:39  Marine  
  183  13:40  Marine  
  183  13:41  Marine x5  
  160  13:55  Marine x2  
  165  13:56  Widow Mine x2  
  165  13:57  Marine  
  165  13:58  Marine x6  
  165  13:59  Marine  
  180  14:08  Planetary Fortress  
  180  14:09  Orbital Command  
  180  14:13  Marine x2  
  180  14:15  Marine  
  180  14:16  Marine x6  
  190  14:17  Marauder  
  190  14:31  Marine x2  
  192  14:32  Medivac x4  
  192  14:33  Marine  
  192  14:34  Marine x3  
  192  14:35  Marauder x3  
  198  14:42  Marauder  
  186  15:02  Medivac x4  
  188  15:12  Marine  
  188  15:13  Marauder  
  184  15:14  Marine  
  184  15:15  Marauder  
  180  15:23  Marine  
  180  15:24  Marauder  
  180  15:27  Command Center  
  167  15:29  Marine  
  167  15:33  Marauder  
  178  15:36  Marine  
  178  15:44  Command Center  
  182  15:54  Command Center  
Show
View Real Time Build Order
Export as new Build Order

TheoRy Protoss 

Build Orders: 1 Gate Expand, Oracle Opening 

Get SALT Encoding   

  12  0:00  Probe  
  13  0:12  Probe  
  14  0:17  Pylon  
  14  0:24  Probe  
  15  0:32  Probe  
  15  0:39  Gateway  
  15  0:40  Probe  
  16  0:47  Assimilator  
  17  0:51  Probe  
  18  1:03  Probe  
  19  1:15  Probe  
  20  1:27  Nexus  
  20  1:35  Cybernetics Core  
  20  1:41  Probe  
  20  1:45  Assimilator  
  21  1:50  Pylon  
  21  1:53  Probe  
  22  2:03  Adept, Probe  
  23  2:12  Probe  
  23  2:14  Warp Gate  
  25  2:21  Probe  
  26  2:23  Pylon  
  26  2:29  Adept  
  27  2:36  Stargate  
  28  2:46  Probe  
  28  2:48  Probe  
  29  2:58  Probe  
  31  3:00  Probe  
  32  3:10  Oracle  
  31  3:15  Adept, Probe  
  34  3:22  Probe  
  34  3:27  Shield Battery, Probe  
  38  3:34  Probe  
  40  3:40  Probe, Gateway  
  41  3:46  Probe  
  42  3:51  Probe  
  40  3:58  Probe  
  40  3:59  Probe  
  40  4:00  Oracle  
  45  4:10  Probe  
  45  4:12  Probe, Nexus  
  47  4:22  Probe  
  48  4:24  Probe  
  48  4:26  Assimilator  
  48  4:27  Pylon  
  49  4:34  Probe  
  49  4:36  Probe  
  51  4:40  Robotics Facility  
  51  4:47  Probe, Forge  
  51  4:51  Assimilator  
  52  4:56  Probe  
  52  4:57  Sentry  
  52  4:58  Sentry  
  57  5:01  Probe  
  57  5:03  Pylon  
  58  5:09  Probe  
  58  5:13  Probe  
  60  5:21  Probe  
  61  5:22  Observer, Protoss Ground Weapons Level 1  
  61  5:25  Twilight Council  
  61  5:26  Gateway  
  61  5:27  Gateway  
  61  5:28  Probe  
  62  5:31  Probe  
  64  5:38  Probe  
  64  5:40  Probe, Pylon x2  
  66  5:44  Immortal  
  66  5:53  Robotics Bay  
  66  5:56  Probe  
  71  6:03  Probe  
  70  6:05  Shield Battery  
  70  6:06  Blink  
  70  6:13  Probe x2  
  70  6:15  Probe  
  70  6:16  Stalker x2  
  77  6:32  Gateway  
  77  6:33  Disruptor  
  77  6:35  Stalker x2  
  81  6:40  Stalker x2  
  88  6:51  Probe  
  88  6:52  Robotics Facility  
  89  6:54  Pylon  
  89  6:56  Pylon  
  89  6:58  Stalker  
  89  6:59  Stalker  
  93  7:05  Stalker  
  81  7:17  Probe  
  81  7:19  Probe  
  81  7:21  Disruptor  
  79  7:24  Stalker  
  79  7:25  Probe, Stalker  
  79  7:26  Zealot x2  
  79  7:29  Probe  
  89  7:31  Probe  
  89  7:35  Probe  
  81  7:41  Probe  
  81  7:43  Probe x2  
  83  7:47  Pylon  
  83  7:48  Disruptor  
  83  7:49  Assimilator  
  83  7:50  Stalker, Zealot x2  
  93  7:51  Probe  
  93  7:53  Assimilator  
  93  7:54  Probe  
  93  7:55  Probe, Stalker  
  98  8:06  Probe  
  98  8:11  Disruptor  
  98  8:12  Stalker x3  
  103  8:16  Zealot  
  107  8:22  Probe  
  107  8:25  Stalker  
  101  8:27  Probe  
  101  8:30  Probe  
  103  8:37  Stalker x2  
  103  8:38  Stalker x2  
  109  8:41  Protoss Ground Weapons Level 2  
  109  8:44  Gateway  
  109  8:48  Photon Cannon  
  109  8:49  Photon Cannon  
  109  8:51  Warp Prism, Pylon  
  109  9:00  Observer  
  112  9:06  Stalker x2  
  112  9:09  Pylon  
  116  9:11  Pylon  
  116  9:12  Sentry  
  116  9:13  Pylon  
  120  9:22  Pylon  
  120  9:23  Pylon  
  118  9:24  Disruptor, Pylon  
  118  9:27  Disruptor  
  124  9:37  Stalker x2  
  124  9:38  Stalker  
  130  9:48  Pylon  
  130  9:52  Stalker x2  
  134  10:00  Charge, Disruptor  
  134  10:04  Pylon  
  99  10:15  Stalker  
  99  10:16  Stalker x4  
  99  10:17  Probe  
  105  10:21  Probe  
  105  10:23  Stalker  
  107  10:28  Probe  
  107  10:31  Probe  
  107  10:33  Probe  
  104  10:36  Probe  
  104  10:42  Probe  
  105  10:43  Probe  
  105  10:44  Probe  
  108  10:50  Probe  
  108  10:51  Photon Cannon  
  108  10:52  Probe  
  108  10:55  Probe  
  111  10:59  Probe  
  111  11:00  Stalker x2  
  111  11:03  Stalker  
  117  11:05  Stalker  
  117  11:10  Disruptor  
  122  11:17  Stalker x2  
  126  11:23  Probe  
  126  11:25  Assimilator  
  127  11:28  Pylon  
  127  11:31  Disruptor  
  130  11:37  Probe  
  130  11:39  Probe  
  132  11:43  Protoss Ground Weapons Level 3  
  132  11:46  Nexus  
  132  11:49  Stalker  
  132  11:52  Probe  
  135  12:00  Stalker x2  
  139  12:08  Probe  
  138  12:10  Probe  
  138  12:12  Probe  
  138  12:15  Stalker x2  
  137  12:20  Probe  
  137  12:22  Probe  
  134  12:27  Probe  
  134  12:29  Stalker x2  
  137  12:34  Stalker x2  
  139  12:42  Stalker x2  
  136  12:46  Disruptor  
  136  12:48  Probe  
  138  12:54  Probe  
  138  12:56  Zealot x2  
  143  13:01  Zealot  
  143  13:05  Zealot  
  147  13:06  Sentry  
  147  13:09  Zealot  
  151  13:18  Stalker x2  
  137  13:23  Stalker  
  137  13:24  Disruptor  
  137  13:25  Disruptor  
  140  13:33  Stalker, Sentry  
  123  13:41  Zealot x2  
  123  13:42  Zealot  
  123  13:47  Probe  
  104  13:49  Zealot  
  94  13:56  Disruptor  
  94  13:58  Zealot  
  94  14:01  Zealot  
  94  14:02  Zealot  
  99  14:05  Zealot  
  99  14:06  Probe  
  99  14:07  Probe  
  99  14:08  Disruptor  
  99  14:09  Probe  
  102  14:18  Probe  
  102  14:20  Probe  
  102  14:21  Stalker x2  
  102  14:22  Stalker  
  113  14:25  Disruptor  
  113  14:26  Probe  
  114  14:34  Stalker x2  
  112  14:48  Stalker x3  
  112  14:50  Disruptor  
  115  15:03  Stalker x2  
  95  15:09  Probe  
  95  15:13  Zealot  
  81  15:16  Stalker x2  
  81  15:17  Probe  
  81  15:18  Probe  
  76  15:28  Stalker  
  76  15:29  Stalker  
  74  15:37  Stalker  
  74  15:39  Stalker  
  78  15:43  Stalker  
Tags
 
Add a new tag
Caveats
  • Supply blocks, unpowered buildings, or Contaminate may cause inaccurate times.
  • Supply counts are checked every 10 seconds.